 Dungeon Crawl Stone Soup version 0.19.5 (webtiles) character file.

87017 JeffiDaFish the Peltast (level 15, -7/97 HPs)
             Began as a Gargoyle Fighter on Sept 15, 2017.
             Was a High Priest of Okawaru.
             Mangled by a deep troll (17 damage)
             ... created by the rage of Trog
             ... on level 1 of the Orcish Mines on Sept 19, 2017.
             The game lasted 01:03:46 (22946 turns).

JeffiDaFish the Peltast (Gargoyle Fighter)         Turns: 22946, Time: 01:03:47

Health: -7/97      AC: 38    Str: 25 (27) XL:     15   Next: 89%
Magic:  15/15      EV: 10    Int:  6      God:    Okawaru [*****.]
Gold:   799        SH: 17    Dex: 23      Spells: 0 memorised, 14 levels left

rFire  + . .     SeeInvis .     x - +10 mace of Due Proportion {elec, rPois Int-3 Dex+9}
rCold  + + .     Gourm    .     o - +4 plate armour {rC+}
rNeg   + . .     Faith    .     I - +1 shield {rC+ rF+}
rPois  ∞         Spirit   .     n - +2 helmet
rElec  +         Reflect  .     s - +0 cloak {+Inv}
rCorr  .         Harm     .     w - +1 pair of gloves
MR     +....                    (no boots)
Stlth  ..........               (no amulet)
                                u - +3 ring of strength
                                r - +3 ring of strength

@: flying
A: big wings, negative energy resistance 1, electricity resistance, unbreathing,
petrification resistance, rot immunity, AC +11
a: Stop Flying, Heroism, Finesse, Renounce Religion, Evoke Invisibility


You were on level 1 of the Orcish Mines.
You worshipped Okawaru.
Okawaru was extremely pleased with you.
You were very hungry.

You visited 4 branches of the dungeon, and saw 24 of its levels.

You collected 1976 gold pieces.
You spent 1177 gold pieces at shops.

Inventory:

Hand Weapons
 x - the +10 mace of Due Proportion (weapon) {elec, rPois Int-3 Dex+9}
   (You found it on level 7 of the Dungeon)

   Occasionally, upon striking a foe, it will discharge some electrical energy
   and cause terrible harm.
   It affects your intelligence (-3).
   It affects your dexterity (+9).
   It protects you from poison.
Armour
 n - a +2 helmet (worn)
 o - a +4 plate armour of cold resistance (worn)
 s - a +0 cloak of invisibility (worn)
 w - a +1 pair of gloves (worn)
 I - a +1 shield of resistance (worn)
Jewellery
 r - a +3 ring of strength (left hand)
 u - a +3 ring of strength (right hand)
 E - an uncursed ring of protection from fire
Wands
 c - a wand of iceblast (6/15)
Scrolls
 e - 4 scrolls of enchant weapon
 g - a scroll of recharging
 j - 7 scrolls of identify
 m - 4 scrolls of blinking
 q - 9 scrolls of remove curse
 v - 3 scrolls of teleportation
 B - 5 scrolls of holy word
Potions
 k - 2 potions of brilliance
 l - a potion of resistance
 t - 4 potions of agility
 z - 2 potions of curing
 A - a potion of invisibility
 D - a potion of cure mutation
 G - 3 potions of cancellation
Books
 d - a book of the Earth

   Spells                             Type                      Level
   a - Leda's Liquefaction            Hexes/Earth                  4
   b - Bolt of Magma                  Conjuration/Fire/Earth       5
   c - Statue Form                    Transmutation/Earth          6
   d - Iron Shot                      Conjuration/Earth            6
   e - Shatter                        Earth                        9
Comestibles
 a - 11 royal jellies
 b - 5 beef jerkies
 f - 14 bread rations
 h - 14 meat rations
 i - 17 fruits
 C - 2 slices of pizza


   Skills:
 * Level 12.8 Fighting
 * Level 15.2 Maces & Flails
 * Level 12.9 Armour
 + Level 3.2 Dodging
 - Level 4.5 Stealth
 * Level 16.4 Shields
 + Level 0.9 Invocations


You had 14 spell levels left.
You didn't know any spells.

Dungeon Overview and Level Annotations

Branches:
Dungeon (15/15)            Temple (1/1) D:5            Lair (6/6) D:8
 Shoals (0/4) Lair:4       Spider (0/4) Lair:4        Slime (0/5) Lair:6
    Orc (2/2) D:9             Elf (0/3) Orc:2        Vaults (0/5) D:13
 Depths (0/5) D:15

Altars:
Ashenzari
Cheibriados
Dithmenos
Elyvilon
Fedhas
Gozag
Hepliaklqana
Kikubaaqudgha
Makhleb
Nemelex Xobeh
Okawaru
Qazlal
Ru
Sif Muna
Trog
Uskayaw
Vehumet
Xom
Yredelemnul
Zin
The Shining One
Beogh

Shops:
D:7 ?   D:8 ![:   D:10 !   Orc:1 }   Orc:2 [

Portals:
Trove: D:13 (show abyssal rune of Zot)

Annotations:
D:4 1 runed door
D:14 Urug


Innate Abilities, Weirdness & Mutations

You are resistant to torment.
Your stone body is resilient. (AC +11)
You are immune to poison.
Your large and strong wings let you fly indefinitely.
You resist negative energy. (rN+)
You are resistant to electric shocks. (rElec)
You can survive without breathing.
You are immune to petrification.
You are immune to rotting.


Message History

You kill the orc!
You sock the orc!
You kill the orc!
Items here: $ ) [ † a battleaxe; a chain mail; 11 gold pieces; an orc corpse You butcher the orc corpse.
Items here: $ % ) [ a battleaxe; a chain mail; 11 gold pieces; 2 chunks of flesh
Things that are here:
a flail; 26 gold pieces
Items here: $ % ) [ a battleaxe; a chain mail; 11 gold pieces; 2 chunks of flesh Trog sends monsters to punish you.
A black bear, a two-headed ogre and 2 deep trolls come into view.
The orc priest shouts!
The deep troll bites you but does no damage.
The deep troll claws you!
* * * LOW HITPOINT WARNING * * *
The deep troll claws you!
You die...

### ##.## ##...##
###O..$.#.o.......
##.)o..............
#.)TT.#.........o.o
##@#)#.#...........
##..h...o...o.....
##.o..#..........
................
#.......>$o.....
##..#..#oo......
.....#........
##.#.##o.......
#.###.........


You could see 2 deep trolls, a two-headed ogre (berserk), an orc warrior, a
black bear (berserk), an orc priest and an orc.

Vanquished Creatures
  Roxanne (D:15)
  An orc warlord (D:9)
  A yaktaur captain (D:15)
  A fire dragon (Lair:6)
  4 hydras
  8 vault guards (D:13)
  A death knight (D:12)
  An ogre mage (D:15)
  4 centaur warriors
  6 death yaks
  2 tengu warriors (D:15)
  An orc high priest (Orc:2)
  2 iron trolls (D:11)
  5 skeletal warriors (D:15)
  An unseen horror (D:14)
  A wizard (D:14)
  2 phantasmal warriors (D:12)
  2 hill giants
  2 orc knights
  A mana viper (shapeshifter) (D:15)
  14 ugly things
  4 orc sorcerers
  2 wolf spiders (Lair:6)
  A manticore (D:15)
  An orb spider (Lair:4)
  8 elephants
  A guardian serpent (Lair:6)
  7 black mambas
  Psyche (D:10)
  A centaur zombie (D:15)
  3 torpor snails (Lair:5)
  16 spiny frogs
  A gargoyle (D:15)
  2 centaur skeletons
  A kobold demonologist (D:13)
  8 komodo dragons
  10 rime drakes
  2 freezing wraiths (D:12)
  A yaktaur (D:15)
  2 polar bears (Lair:4)
  4 trolls
  3 meliai (D:14)
  A tengu conjurer (D:15)
  4 hornets (Lair:6)
  Prince Ribbit (D:7)
  4 two-headed ogres
  22 blink frogs
  8 hippogriffs
  2 slime creatures
  A centaur simulacrum (D:15)
  2 redbacks (Lair:6)
  A spriggan (shapeshifter) (D:15)
  8 wyverns
  2 wraiths
  A basilisk (Lair:6)
  22 yaks
  3 hungry ghosts
  3 steam dragons (Lair:6)
  2 vampire mosquitoes (D:14)
  2 wargs (D:9)
  2 mottled dragons
  15 water moccasins
  Duvessa (D:7)
  11 porcupines
  19 orc warriors
  A hornet zombie (D:6)
  4 ice beasts
  3 black bears
  A swamp drake (Lair:6)
  An eye of draining (D:12)
  A sky beast (D:13)
  20 ogres
  4 phantoms
  11 crocodiles
  11 centaurs
  11 wolves
  7 big kobolds
  16 bullfrogs
  Dowan (D:7)
  6 scorpions
  3 wights (D:8)
  21 killer bees
  5 electric eels
  3 howler monkeys
  8 crimson imps
  A bullfrog zombie (D:13)
  2 quasits
  8 hounds
  7 jellies
  12 orc priests
  Crazy Yiuf (D:7)
  2 bullfrog skeletons
  Jessica (D:2)
  13 orc wizards
  Natasha (thrice) (D:3)
  8 iguanas
  15 worker ants
  4 worker ant zombies
  4 gnolls (D:2)
  17 adders
  A river rat (Lair:6)
  2 shadow imps
  14 oozes
  An adder skeleton (D:9)
  5 worms
  5 dart slugs
  6 leopard geckos
  61 orcs
  2 ball pythons
  7 giant cockroaches
  7 goblins
  10 hobgoblins
  9 jackals
  A quokka (D:7)
  12 bats
  6 frilled lizards
  A jackal skeleton (D:5)
  31 kobolds
  A leopard gecko skeleton (D:5)
  A quokka skeleton (D:6)
  A quokka zombie (D:7)
  14 rats
  A bush (D:3)
  A plant (Lair:6)
713 creatures vanquished.

Vanquished Creatures (others)
  A swamp drake (Lair:6)
  A crocodile (Lair:6)
  A wolf (Lair:6)
  A worker ant (Lair:6)
  An adder (Lair:6)
  A bush (Lair:6)
  21 fungi
  15 plants (Lair:6)
42 creatures vanquished.

Grand Total: 755 creatures vanquished

Notes
Turn   | Place    | Note
-------+----------+-------------------------------------------
     0 | D:1      | JeffiDaFish the Gargoyle Fighter began the quest for the Orb.
     0 | D:1      | Reached XP level 1. HP: 14/14 MP: 1/1
    72 | D:1      | Reached XP level 2. HP: 19/19 MP: 2/2
   214 | D:1      | Reached XP level 3. HP: 24/24 MP: 3/3
   552 | D:1      | Reached XP level 4. HP: 25/29 MP: 4/4
   565 | D:1      | Gained mutation: You are partially covered in yellow scales. (AC +2) [potion of beneficial mutation]
   640 | D:2      | Noticed Jessica
   645 | D:2      | Killed Jessica
   645 | D:2      | Reached skill level 4 in Shields
   826 | D:2      | Reached XP level 5. HP: 26/33 MP: 5/5
   830 | D:2      | Reached skill level 1 in Dodging
  1060 | D:2      | Found a snail-covered altar of Cheibriados.
  1136 | D:2      | Found a hazy altar of Hepliaklqana.
  1610 | D:3      | Found a glowing golden altar of the Shining One.
  1805 | D:3      | Noticed Natasha
  1831 | D:3      | Killed Natasha
  1831 | D:3      | Reached XP level 6. HP: 23/38 MP: 6/6
  2060 | D:3      | Noticed Natasha
  2079 | D:3      | Killed Natasha
  2152 | D:3      | Noticed Natasha
  2171 | D:3      | Killed Natasha
  2549 | D:3      | Found an opulent altar of Gozag.
  3032 | D:4      | Reached skill level 5 in Maces & Flails
  3032 | D:4      | Reached skill level 5 in Shields
  3032 | D:4      | Reached XP level 7. HP: 39/43 MP: 7/7
  3368 | D:4      | Found a runed door.
  3368 | D:4      | Noticed an angel
  3369 | D:4      | Found a white marble altar of Elyvilon.
  3509 | D:5      | Entered Level 5 of the Dungeon
  3836 | D:5      | Reached skill level 1 in Stealth
  4197 | D:5      | Found a staircase to the Ecumenical Temple.
  4203 | Temple   | Entered the Ecumenical Temple
  4461 | D:6      | Reached XP level 8. HP: 48/48 MP: 8/8
  4522 | D:6      | Reached skill level 6 in Shields
  4604 | D:6      | Found a white marble altar of Elyvilon.
  4637 | D:6      | Reached skill level 5 in Armour
  4776 | D:6      | Reached skill level 5 in Fighting
  5195 | D:6      | Reached XP level 9. HP: 50/54 MP: 9/9
  5498 | D:6      | Found a burning altar of Makhleb.
  5559 | D:6      | Reached skill level 7 in Shields
  5980 | D:7      | Identified the +10 mace of Due Proportion {elec, rPois Int-3 Dex+9} (You found it on level 7 of the Dungeon)
  5988 | D:7      | Found a runed door.
  5992 | D:7      | Noticed Crazy Yiuf
  5995 | D:7      | Killed Crazy Yiuf
  6077 | D:7      | Found Xisot's Magic Scroll Shoppe.
  6085 | D:7      | Bought a scroll of enchant armour for 112 gold pieces
  6092 | D:7      | Noticed Duvessa
  6094 | D:7      | Noticed Dowan
  6102 | D:7      | Killed Duvessa
  6105 | D:7      | Killed Dowan
  6144 | D:7      | Noticed a two-headed ogre
  6163 | D:7      | Killed a two-headed ogre
  6179 | D:7      | Noticed Prince Ribbit
  6182 | D:7      | Killed Prince Ribbit
  6182 | D:7      | Reached skill level 8 in Shields
  6326 | D:8      | Noticed a troll
  6335 | D:8      | Killed a troll
  6335 | D:8      | Reached XP level 10. HP: 38/60 MP: 10/10
  6360 | D:8      | Reached skill level 10 in Maces & Flails
  6514 | D:8      | Found a sparkling altar of Nemelex Xobeh.
  6723 | D:8      | Found a blossoming altar of Fedhas.
  6745 | D:8      | Found an ancient bone altar of Kikubaaqudgha.
  6789 | D:8      | Reached skill level 9 in Shields
  6808 | D:8      | Found Bise's Book Emporium.
  6850 | D:8      | Found a sacrificial altar of Ru.
  6892 | D:8      | Found Piujiwev's Armour Shop.
  6909 | D:8      | Found a staircase to the Lair.
  7015 | D:8      | Found Qaorino's Distillery.
  7192 | D:8      | Bought a potion of heal wounds for 65 gold pieces
  7192 | D:8      | Bought a potion of heal wounds for 65 gold pieces
  7565 | Lair:1   | Entered Level 1 of the Lair of Beasts
  7687 | Lair:1   | Reached XP level 11. HP: 67/67 MP: 11/11
  7787 | Lair:1   | Gained mutation: Your body sometimes deteriorates upon taking damage. [potion of mutation]
  7787 | Lair:1   | Gained mutation: You occasionally shout uncontrollably at your foes. [potion of mutation]
  7787 | Lair:1   | Gained mutation: You have a pair of small horns on your head. [potion of mutation]
  7788 | Lair:1   | Lost mutation: You have a pair of small horns on your head. [potion of cure mutation]
  7788 | Lair:1   | Lost mutation: You occasionally shout uncontrollably at your foes. [potion of cure mutation]
  7788 | Lair:1   | Lost mutation: You are partially covered in yellow scales. (AC +2) [potion of cure mutation]
  7788 | Lair:1   | Lost mutation: Your body sometimes deteriorates upon taking damage. [potion of cure mutation]
  8419 | Lair:2   | Reached skill level 10 in Shields
  9611 | Lair:3   | Noticed a six-headed hydra
  9621 | Lair:3   | Killed a six-headed hydra
  9939 | Lair:3   | Reached XP level 12. HP: 47/75 MP: 12/12
 10434 | Lair:4   | Found a staircase to the Shoals.
 10481 | Lair:4   | Reached skill level 11 in Shields
 10511 | Lair:4   | Found a hole to the Spider Nest.
 10801 | Lair:4   | Noticed a four-headed hydra
 10830 | Lair:4   | Reached skill level 10 in Armour
 10840 | Lair:4   | Killed a four-headed hydra
 11673 | Lair:5   | Reached skill level 12 in Shields
 12084 | Lair:5   | Reached XP level 13. HP: 82/82 MP: 13/13
 12095 | Lair:5   | Found a snail-covered altar of Cheibriados.
 12467 | Lair:6   | Entered Level 6 of the Lair of Beasts
 12530 | Lair:6   | Reached skill level 10 in Fighting
 12566 | Lair:6   | Found a staircase to the Slime Pits.
 13029 | Temple   | Became a worshipper of Trog the Wrathful
 13512 | Lair:6   | Reached skill level 13 in Shields
 13615 | Lair:6   | Reached * piety under Trog
 13619 | Lair:6   | Noticed a fire dragon
 13641 | Lair:6   | Killed a fire dragon
 13913 | Lair:6   | Gained mutation: Your large and strong wings let you fly indefinitely. [Gargoyle growth]
 13913 | Lair:6   | Reached XP level 14. HP: 75/88 MP: 14/14
 13969 | Lair:6   | Reached ** piety under Trog
 14429 | Lair:6   | Reached skill level 14 in Shields
 14875 | D:9      | Found a basalt altar of Yredelemnul.
 15022 | D:9      | Found an iron altar of Okawaru.
 15155 | D:9      | Found a staircase to the Orcish Mines.
 15426 | D:10     | Entered Level 10 of the Dungeon
 15458 | D:10     | Noticed Psyche
 15466 | D:10     | Killed Psyche
 15537 | D:10     | Found a burning altar of Makhleb.
 15602 | D:10     | Reached *** piety under Trog
 15882 | D:10     | Found Miuppoyc's Distillery.
 15892 | D:10     | Bought a potion of heal wounds for 65 gold pieces
 15892 | D:10     | Bought a potion of heal wounds for 65 gold pieces
 15962 | D:8      | Bought a +1 plate armour of cold resistance for 490 gold pieces
 16494 | D:9      | Fell from the grace of Trog
 16494 | D:9      | Became a worshipper of Warmaster Okawaru
 17868 | D:12     | Reached * piety under Okawaru
 18303 | D:12     | Reached ** piety under Okawaru
 18898 | D:13     | Found a portal to a secret trove of treasure.
 18915 | D:13     | Found a gate to the Vaults.
 18962 | D:13     | Reached *** piety under Okawaru
 19192 | D:13     | Reached skill level 15 in Shields
 19578 | D:14     | Reached XP level 15. HP: 96/96 MP: 15/15
 19579 | D:14     | Noticed Urug
 19615 | D:14     | Reached **** piety under Okawaru
 20093 | D:14     | Paralysed by Trog for 3 turns
 20491 | D:15     | Entered Level 15 of the Dungeon
 20497 | D:15     | Noticed Roxanne
 20546 | D:15     | Killed Roxanne
 20818 | D:15     | Reached ***** piety under Okawaru
 20889 | D:15     | Reached skill level 15 in Maces & Flails
 20975 | D:15     | Reached skill level 16 in Shields
 21414 | D:15     | Found a staircase to the Depths.
 21441 | D:15     | Received a gift from Okawaru
 21693 | Orc:1    | Entered Level 1 of the Orcish Mines
 21693 | Orc:1    | Noticed an orc warlord
 21731 | D:9      | Killed an orc warlord
 21845 | Orc:1    | Paralysed by an orc sorcerer for 6 turns
 22012 | Orc:2    | Entered Level 2 of the Orcish Mines
 22012 | Orc:2    | Found a roughly hewn altar of Beogh.
 22048 | Orc:2    | Paralysed by Trog for 6 turns
 22111 | Orc:2    | Paralysed by an orc sorcerer for 7 turns
 22296 | Orc:2    | Found a staircase to the Elven Halls.
 22330 | Orc:2    | Found Qokady's Antique Armour Shop.
 22338 | Orc:2    | Bought a glowing cloak for 315 gold pieces
 22571 | Orc:2    | HP: 4/97 [orc priest/divine providence (12)]
 22884 | Orc:1    | Found Ickevedwe's Gadget Shoppe.
 22946 | Orc:1    | Mangled by a deep troll

Skill      XL: |  1  2  3  4  5  6  7  8  9 10 11 12 13 14 15 |
---------------+----------------------------------------------+-----
Shields        | 4 5 6 8 9 10 12 13 15 16 | 16.4
Maces & Flails | 3 4 5 6 8 9 11 12 13 14 15 | 15.2
Fighting       | 4 5 6 7 8 9 10 12 | 12.8
Dodging        | 1 2 3 |  3.2
Armour         | 4 5 6 7 9 10 11 12 | 12.9
Stealth        | 1 2 3 4 |  4.5
Invocations    | |  0.9

Action                   |  1- 3 |  4- 6 |  7- 9 | 10-12 | 13-15 || total
-------------------------+-------+-------+-------+-------+-------++-------
Melee: Flail             |    89 |   370 |   444 |       |       ||   903
       Mace              |       |       |    64 |   510 |  1463 ||  2037
Invok: Finesse           |       |       |       |       |     1 ||     1
 Abil: Fly               |       |       |       |       |     1 ||     1
  Use: Potion            |     1 |     8 |     5 |     3 |    14 ||    31
       Scroll            |     2 |     6 |     5 |     9 |    21 ||    43
 Stab: Invisible         |       |       |       |     3 |       ||     3
       Confused          |       |       |       |       |    10 ||    10
  Eat: Chunk             |       |     8 |    12 |    19 |    38 ||    77
       Royal jelly       |       |       |       |       |     1 ||     1
Armor: Scale mail        |    56 |     7 |       |       |       ||    63
       Plate armour      |       |   215 |   311 |   236 |   573 ||  1335
Dodge: Dodged            |    27 |    65 |   128 |   121 |   324 ||   665
Block: Shield            |    56 |   178 |   281 |   294 |  1056 ||  1865
